 Dungeon Crawl Stone Soup version 0.20.1-1-g8b1a95d (webtiles) character file.

342 Mitsuki the Skirmisher (level 6, -1/56 HPs)
             Began as a Hill Orc Fighter on Oct 5, 2017.
             Slain by a gnoll
             ... wielding a +0 halberd
              (5 damage)
             ... on level 3 of the Dungeon.
             The game lasted 00:04:12 (2665 turns).

Mitsuki the Skirmisher (Hill Orc Fighter)           Turns: 2665, Time: 00:04:12

Health: -1/56      AC:  9    Str: 21    XL:     6   Next: 57%
Magic:  6/6        EV:  7    Int:  8    God:
Gold:   84         SH:  9    Dex: 10    Spells: 5/5 levels left

rFire    . . .     SeeInvis .   a - +0 trident
rCold    . . .     Gourm    .   c - +0 shield
rNeg     . . .     Faith    .   b - +0 scale mail
rPois    .         Spirit   .   l - +0 helmet (curse)
rElec    .         Reflect  .   (no cloak)
rCorr    .         Harm     .   (no gloves)
MR       .....                  j - +0 pair of boots
Stlth    ..........             (no amulet)
Regen    0.2/turn               (no ring)
MPRegen  0.1/turn               (no ring)

@: no status effects
A: no striking features
a: no special abilities


You were on level 3 of the Dungeon.
You were not hungry.

You visited 1 branch of the dungeon, and saw 3 of its levels.

You collected 84 gold pieces.

Inventory:

Hand Weapons
 a - a +0 trident (weapon)
Armour
 b - a +0 scale mail (worn)
 c - a +0 shield (worn)
 j - a +0 pair of boots (worn)
 l - a cursed +0 helmet (worn)
Scrolls
 e - 4 scrolls of remove curse {unknown}
 i - a scroll of teleportation {unknown}
 n - 3 scrolls of enchant armour {unknown}
 o - 4 scrolls of identify {unknown}
 p - 2 scrolls of fear {unknown}
 r - a scroll of magic mapping {unknown}
Potions
 d - a potion of might
 h - a potion of curing
 q - a potion of flight {unknown}
Books
 m - a book of Cantrips

   Spells                             Type                      Level
   a - Confusing Touch                Hexes                        1
   b - Animate Skeleton               Necromancy                   1
   c - Summon Small Mammal            Summoning                    1
   d - Apportation                    Translocation                1
Comestibles
 f - 2 bread rations
 g - 3 royal jellies
 k - a chunk of flesh


   Skills:
 + Level 5.3 Fighting
 + Level 4.1 Polearms
 + Level 4.6 Armour
 + Level 4.9 Shields


You had 5 spell levels left.
You didn't know any spells.

Dungeon Overview and Level Annotations

Branches:
Dungeon (3/15)

Altars:
Fedhas


Message History

The gnoll hits you from afar with a halberd!
* * * LOW HITPOINT WARNING * * *
The gnoll hits you from afar with a halberd.
* * * LOW HITPOINT WARNING * * *
Attack whom?
Press: ? - help, Dir - move target cursor, f/p - gnoll
Aim: a gnoll, wielding a halberd You reach to attack!
You hit the gnoll.
The gnoll is moderately wounded.
You block the gnoll's attack.
The gnoll hits you from afar with a halberd!
* * * LOW HITPOINT WARNING * * *
Attack whom?
Press: ? - help, Dir - move target cursor, f/p - gnoll
Aim: a gnoll, wielding a halberd (moderately wounded)
You reach to attack!
You barely miss the gnoll.
The gnoll is moderately wounded.
The gnoll hits you but does no damage.
The gnoll hits you from afar with a halberd.
You die...

#..##### ...##
.#..#####
###.....########
#####........#
########.# #.###
### #...## ...
###@)# ##
##)g.....
.g..... ..?....
....... .......
....... .......


You could see 2 gnolls.

Vanquished Creatures
  The ghost of JaMaZz the Conjurer, an amateur HuCj of Qazlal (D:3)
  2 orc wizards (D:3)
  Terence (D:2)
  6 adders
  6 gnolls
  3 worms
  A dart slug (D:3)
  3 leopard geckos
  4 orcs (D:3)
  5 giant cockroaches
  4 goblins
  5 hobgoblins
  A ball python (D:3)
  7 bats
  A frilled lizard (D:1)
  6 kobolds
  8 rats
64 creatures vanquished.

Notes
Turn   | Place    | Note
-------+----------+-------------------------------------------
     0 | D:1      | Mitsuki the Hill Orc Fighter began the quest for the Orb.
     0 | D:1      | Reached XP level 1. HP: 19/19 MP: 1/1
   158 | D:1      | Reached XP level 2. HP: 22/27 MP: 2/2
   911 | D:2      | Reached XP level 3. HP: 33/33 MP: 3/3
   927 | D:2      | Reached skill level 4 in Fighting
   945 | D:2      | Reached XP level 4. HP: 18/40 MP: 4/4
  1196 | D:2      | Found a blossoming altar of Fedhas.
  1289 | D:2      | Noticed Terence
  1333 | D:2      | Killed Terence
  1333 | D:2      | Reached XP level 5. HP: 32/47 MP: 5/5
  1726 | D:3      | Noticed JaMaZz's ghost (amateur HuCj)
  1756 | D:3      | HP: 1/47 [JaMaZz's ghost/magic dart (7)]
  1757 | D:3      | Killed JaMaZz's ghost
  1757 | D:3      | Reached skill level 5 in Fighting
  2079 | D:3      | Reached XP level 6. HP: 45/56 MP: 6/6
  2665 | D:3      | Slain by a gnoll

Skill      XL: |  1  2  3  4  5  6 |
---------------+-------------------+-----
Fighting       | 4 5 |  5.3
Polearms       | 3 4 |  4.1
Shields        | 4 |  4.9
Armour         | 4 |  4.6

Action                   |  1- 3 |  4- 6 || total
-------------------------+-------+-------++-------
Melee: Trident           |    90 |   217 ||   307
  Use: Potion            |       |     3 ||     3
  Eat: Chunk             |       |     6 ||     6
Armor: Scale mail        |    37 |   116 ||   153
Dodge: Dodged            |    25 |    81 ||   106
Block: Shield            |    44 |   115 ||   159
